AoeStats
← Barón de la Cerveza

Arabia

508323598Analyzed
1v1 RM · 11d ago on Sep 21, 2026· 41m 57s· 2 players
Game mode
Random Map
Map size
Tiny (2 player)
Population
200
Speed
Normal
Resources
Standard
Victory
Conquest
Starting age
Dark Age
Ending age
Imperial Age
RankedLock teamsTeams togetherTeam positionsShared explorationLock speedFull tech treeHidden civsTurbo modeCheats
Victory
Defeat
🇵🇪 Teutons · Peru
1916
+15
🇲🇽 Khmer · Mexico
1900
-15
Barón de la Cerveza
5:59 Loom
8:20 Feudal Age
8:59 Horse Collar
9:07 Double-Bit Axe
18:58 Castle Age
17:12 Fletching
18:17 Bloodlines
19:01 Crossbowman
19:37 Bodkin Arrow
20:10 Bow Saw
22:38 Husbandry
24:45 Ballistics
28:35 Heavy Plow
29:45 Wheelbarrow
33:37 Imperial Age
33:08 Pikeman
34:36 Bracer
37:04 Halberdier
38:53 Town Watch
39:58 Padded Archer Armor
39:58 Scale Mail Armor
40:56 Forging
42:32 Chain Mail Armor
LvSP | Réyiman
7:19 Loom
9:20 Feudal Age
9:48 Double-Bit Axe
9:52 Horse Collar
10:40 Loom
14:37 Gold Mining
17:32 Castle Age
17:04 Scale Barding Armor
17:47 Bloodlines
17:39 Fletching
18:26 Bow Saw
19:45 Stone Mining
20:33 Heavy Plow
20:28 Town Watch
23:44 Wheelbarrow
25:21 Hand Cart
32:18 Imperial Age
30:16 Forging
30:50 Chain Barding Armor
31:15 Bloodlines
31:44 Iron Casting
33:58 Pikeman
34:39 Squires
35:48 Conscription
35:42 Cavalier
36:25 Squires
37:58 Plate Barding Armor
38:45 Blast Furnace
38:55 Crop Rotation
39:04 Scale Mail Armor
38:28 Halberdier
39:46 Paladin
41:40 Chain Mail Armor
41:55 Arson
Connection lost

Rejoining the realm…

Still unreachable

The connection could not be restored.

Session expired

The server has moved on; the page needs a fresh start.